General information
- name: BNet
- type: Ladder team game (AT/RT)
- host: Battle.net
- saver: Gobiner
map: Highperch
- players: 6
- length: 90:43
- speed: Fast
- version: 1.23 W3XP
- replay type: Public
» download(445 KB)
Players
team 1 (loser)
DBR_QIQI (
yellow | 38 APM | 3443 actions | 90:43)
4 Blademaster
1 Wind Walk
2 Critical Strike
1 Mirror Image
1 Shadow Hunter
1 Healing Wave
» actions
| Assign group hotkey | 40 | |
| Basic commands | 16 | |
| Build / train | 66 | |
| ESC pressed | 1 | |
| Enter build submenu | 17 | |
| Enter hero's abilities submenu | 5 | |
| Remove unit from queue | 1 | |
| Right click | 2396 | |
| Select / deselect | 308 | |
| Select group hotkey | 530 | |
| Use ability | 63 | |
3443 total
» units
| Peon | 7 | |
| Grunt | 2 | |
| Demolisher | 16 | |
| Shaman | 10 | |
| Tauren | 7 | |
42 total
» upgrades
| Burning Oil | 1 | |
| Shaman Training | 2 | |
| Pulverize | 1 | |
| Armor | 3 | |
| Melee Weapons | 1 | |
8 total
» buildings
| Altar of Storms | 1 | |
| Orc Burrow | 8 | |
| Barracks | 1 | |
| War Mill | 1 | |
| Watch Tower | 4 | |
| Stronghold | 1 | |
| Voodoo Lounge | 1 | |
| Spirit Lodge | 1 | |
| Fortress | 1 | |
| Tauren Totem | 1 | |
20 total
» build order
00:05 Altar of Storms
00:15 Orc Burrow
00:30 Barracks
01:04 War Mill
02:05 Orc Burrow
02:31 Watch Tower
03:53 Stronghold
04:19 Voodoo Lounge
05:51 Watch Tower
06:15 Orc Burrow
06:19 Orc Burrow
06:31 Spirit Lodge
08:51 Fortress
14:51 Tauren Totem
18:13 Orc Burrow
23:06 Watch Tower
23:07 Watch Tower
24:12 Orc Burrow
28:45 Orc Burrow
28:50 Orc Burrow
» items
| Circlet of Nobility | 1 | |
| Healing Salve | 1 | |
| Lesser Clarity Potion | 2 | |
| Scroll of Speed | 1 | |
| Orb of Lightning | 1 | |
6 total
Heaveninside (
teal | 79 APM | 7130 actions | 90:39)
5 Death Knight
3 Death Coil
2 Unholy Aura
1 Lich
1 Frost Nova
» actions
| Assign group hotkey | 118 | |
| Basic commands | 166 | |
| Build / train | 77 | |
| Enter build submenu | 25 | |
| Enter hero's abilities submenu | 6 | |
| Give item / drop item | 1 | |
| Remove unit from queue | 1 | |
| Right click | 3621 | |
| Select / deselect | 1074 | |
| Select group hotkey | 1863 | |
| Use ability | 178 | |
7130 total
» units
| Acolyte | 10 | |
| Ghoul | 3 | |
| Crypt Fiend | 9 | |
| Obsidian Statue | 2 | |
| Meatwagon | 8 | |
| Frost Wyrm | 13 | |
45 total
» upgrades
| Freezing Breath | 1 | |
| Web | 1 | |
| Creature Attack | 2 | |
| Creature Carapace | 2 | |
6 total
» buildings
| Graveyard | 2 | |
| Crypt | 2 | |
| Altar of Darkness | 1 | |
| Ziggurat | 9 | |
| Tomb of Relics | 1 | |
| Nerubian Tower | 2 | |
| Halls of the Dead | 1 | |
| Slaughterhouse | 2 | |
| Black Citadel | 1 | |
| Sacrificial Pit | 1 | |
| Spirit Tower | 1 | |
| Boneyard | 2 | |
25 total
» build order
00:05 Graveyard
00:07 Crypt
00:10 Crypt
00:14 Graveyard
00:43 Altar of Darkness
00:59 Ziggurat
01:26 Tomb of Relics
02:11 Ziggurat
02:43 Nerubian Tower
03:59 Halls of the Dead
04:31 Ziggurat
06:07 Ziggurat
06:24 Slaughterhouse
08:55 Slaughterhouse
09:35 Ziggurat
13:03 Black Citadel
14:01 Ziggurat
14:03 Ziggurat
14:04 Ziggurat
15:00 Sacrificial Pit
15:03 Spirit Tower
15:24 Ziggurat
16:35 Boneyard
16:37 Boneyard
30:41 Nerubian Tower
» items
| Rod of Necromancy | 1 | |
| Dust of Appearance | 4 | |
| Healing Salve | 2 | |
| Lesser Clarity Potion | 2 | |
| Potion of Lesser Invulnerability | 3 | |
12 total
joopgo (
orange | 53 APM | 4828 actions | 90:43)
3 Demon Hunter
1 Mana Burn
2 Evasion
2 Keeper of the Grove
1 Entangling Roots
1 Force of Nature
» actions
| Assign group hotkey | 45 | |
| Basic commands | 29 | |
| Build / train | 99 | |
| Enter build submenu | 27 | |
| Enter hero's abilities submenu | 5 | |
| Remove unit from queue | 2 | |
| Right click | 2475 | |
| Select / deselect | 729 | |
| Select group hotkey | 1283 | |
| Use ability | 134 | |
4828 total
» units
| Wisp | 33 | |
| Archer | 6 | |
| Glaive Thrower | 7 | |
| Chimaera | 20 | |
| Huntress | 3 | |
69 total
» upgrades
| Vorpal Blades | 1 | |
| Corrosive Breath | 1 | |
| Sentinel | 1 | |
| Strength of the Wild | 1 | |
| Reinforced Hides | 1 | |
| Nature's Blessing | 1 | |
6 total
» buildings
| Altar of Elders | 1 | |
| Moon Well | 11 | |
| Ancient of Wonders | 3 | |
| Ancient of War | 2 | |
| Hunter's Hall | 1 | |
| Tree of Ages | 1 | |
| Tree of Eternity | 1 | |
| Ancient of Wind | 1 | |
| Chimaera Roost | 2 | |
| Tree of Life | 1 | |
| Ancient Protector | 4 | |
28 total
» build order
00:07 Altar of Elders
00:19 Moon Well
01:06 Ancient of Wonders
01:37 Ancient of War
02:06 Moon Well
02:32 Moon Well
03:33 Hunter's Hall
04:29 Ancient of War
06:26 Moon Well
06:37 Moon Well
06:58 Tree of Ages
09:05 Moon Well
10:32 Tree of Eternity
10:36 Ancient of Wind
12:56 Chimaera Roost
13:00 Chimaera Roost
14:24 Ancient of Wonders
14:55 Moon Well
15:08 Ancient of Wonders
16:38 Moon Well
18:17 Moon Well
18:20 Moon Well
18:24 Moon Well
22:18 Tree of Life
29:44 Ancient Protector
29:50 Ancient Protector
30:16 Ancient Protector
30:57 Ancient Protector
» items
| Lesser Clarity Potion | 3 | |
| Dust of Appearance | 4 | |
| Potion of Healing | 2 | |
| Staff of Preservation | 1 | |
| Potion of Mana | 1 | |
| Orb of Venom | 1 | |
12 total
team 2 (winner)
Blahsmack (
red | 34 APM | 3125 actions | 90:43)
2 Archmage
1 Blizzard
1 Brilliance Aura
2 Blood Mage
1 Flame Strike
1 Banish
2 Goblin Tinker
1 Pocket Factory
1 Engineering Upgrade
» actions
| Assign group hotkey | 5 | |
| Basic commands | 49 | |
| Build / train | 158 | |
| Enter build submenu | 60 | |
| Enter hero's abilities submenu | 7 | |
| Give item / drop item | 8 | |
| Remove unit from queue | 1 | |
| Right click | 1905 | |
| Select / deselect | 653 | |
| Select group hotkey | 8 | |
| Use ability | 271 | |
3125 total
» units
| Peasant | 14 | |
| Sorceress | 3 | |
| Priest | 2 | |
| Dragonhawk Rider | 9 | |
28 total
» upgrades
| Masonry | 3 | |
| Lumber Harvesting | 2 | |
| Magic Sentry | 1 | |
| Sorceress Training | 2 | |
| Priest Training | 2 | |
| Cloud | 1 | |
| Swords | 3 | |
| Armor | 3 | |
| Animal War Training | 1 | |
18 total
» buildings
| Lumber Mill | 1 | |
| Altar of Kings | 1 | |
| Farm | 8 | |
| Scout Tower | 126 | |
| Guard Tower | 64 | |
| Arcane Tower | 9 | |
| Keep | 1 | |
| Arcane Vault | 1 | |
| Arcane Sanctum | 1 | |
| Castle | 1 | |
| Gryphon Aviary | 2 | |
| Barracks | 1 | |
| Blacksmith | 1 | |
217 total
» build order
00:10 Lumber Mill
00:14 Altar of Kings
00:23 Farm
01:05 Farm
01:17 Scout Tower
01:18 Scout Tower
01:44 Guard Tower
02:05 Scout Tower
02:09 Scout Tower
02:11 Guard Tower
02:43 Guard Tower
02:58 Scout Tower
03:21 Scout Tower
03:30 Guard Tower
03:34 Scout Tower
03:35 Scout Tower
03:41 Guard Tower
03:45 Scout Tower
03:46 Scout Tower
03:48 Scout Tower
03:52 Arcane Tower
04:00 Scout Tower
04:03 Scout Tower
04:06 Guard Tower
04:08 Scout Tower
04:09 Scout Tower
04:13 Guard Tower
04:27 Keep
04:33 Guard Tower
04:34 Guard Tower
04:34 Guard Tower
04:42 Guard Tower
04:42 Guard Tower
04:48 Scout Tower
04:51 Scout Tower
05:01 Guard Tower
05:06 Guard Tower
05:07 Guard Tower
05:07 Guard Tower
05:10 Scout Tower
05:56 Guard Tower
05:58 Scout Tower
06:01 Scout Tower
06:02 Scout Tower
06:06 Scout Tower
06:11 Scout Tower
06:13 Scout Tower
06:14 Scout Tower
06:16 Scout Tower
06:17 Scout Tower
06:26 Guard Tower
06:33 Arcane Vault
06:38 Scout Tower
06:39 Scout Tower
06:40 Scout Tower
06:44 Guard Tower
06:44 Guard Tower
06:45 Guard Tower
06:50 Guard Tower
06:50 Guard Tower
06:50 Guard Tower
07:06 Guard Tower
07:27 Guard Tower
07:27 Guard Tower
07:46 Arcane Sanctum
08:11 Scout Tower
08:12 Scout Tower
08:14 Scout Tower
08:18 Castle
08:48 Guard Tower
08:53 Scout Tower
08:54 Scout Tower
09:10 Scout Tower
09:11 Scout Tower
10:57 Scout Tower
10:58 Scout Tower
11:01 Scout Tower
11:08 Guard Tower
11:42 Farm
11:43 Farm
11:44 Farm
12:03 Guard Tower
13:00 Farm
13:04 Guard Tower
13:04 Guard Tower
14:33 Scout Tower
14:34 Scout Tower
14:34 Scout Tower
14:48 Scout Tower
14:49 Scout Tower
14:51 Scout Tower
14:54 Scout Tower
14:57 Scout Tower
14:58 Scout Tower
15:00 Scout Tower
15:01 Scout Tower
15:17 Gryphon Aviary
15:20 Gryphon Aviary
15:32 Scout Tower
15:34 Scout Tower
15:36 Scout Tower
15:42 Scout Tower
15:43 Scout Tower
15:46 Scout Tower
16:43 Barracks
16:45 Blacksmith
17:12 Guard Tower
18:41 Guard Tower
19:30 Scout Tower
19:31 Scout Tower
19:32 Scout Tower
19:33 Scout Tower
19:34 Scout Tower
19:34 Scout Tower
19:40 Scout Tower
19:40 Scout Tower
19:41 Scout Tower
19:42 Scout Tower
20:23 Guard Tower
20:44 Guard Tower
20:44 Guard Tower
21:37 Guard Tower
22:40 Scout Tower
22:41 Scout Tower
22:42 Scout Tower
22:43 Scout Tower
22:44 Scout Tower
22:44 Scout Tower
22:45 Scout Tower
22:46 Scout Tower
23:01 Scout Tower
23:01 Scout Tower
23:02 Scout Tower
23:03 Scout Tower
23:03 Scout Tower
23:05 Scout Tower
23:10 Scout Tower
23:11 Scout Tower
23:12 Scout Tower
23:12 Scout Tower
23:15 Guard Tower
23:15 Guard Tower
23:53 Guard Tower
24:14 Guard Tower
27:30 Scout Tower
27:32 Scout Tower
27:38 Scout Tower
27:43 Scout Tower
27:49 Scout Tower
27:58 Scout Tower
27:58 Scout Tower
28:01 Scout Tower
28:05 Scout Tower
28:07 Scout Tower
28:17 Farm
28:48 Guard Tower
28:52 Guard Tower
28:52 Guard Tower
29:22 Guard Tower
29:35 Farm
29:43 Scout Tower
29:44 Scout Tower
29:46 Scout Tower
30:29 Guard Tower
32:50 Guard Tower
32:58 Scout Tower
32:59 Scout Tower
33:12 Scout Tower
33:17 Scout Tower
33:18 Scout Tower
33:21 Scout Tower
33:25 Scout Tower
33:40 Scout Tower
33:47 Scout Tower
33:50 Guard Tower
33:52 Guard Tower
33:57 Scout Tower
34:02 Scout Tower
34:03 Scout Tower
34:22 Guard Tower
34:33 Scout Tower
34:35 Scout Tower
34:36 Scout Tower
34:37 Scout Tower
34:39 Scout Tower
34:44 Arcane Tower
34:54 Scout Tower
34:55 Arcane Tower
35:08 Scout Tower
35:10 Scout Tower
35:12 Scout Tower
35:27 Guard Tower
35:30 Arcane Tower
35:33 Arcane Tower
35:39 Guard Tower
36:12 Guard Tower
36:18 Guard Tower
36:21 Guard Tower
36:34 Guard Tower
36:58 Guard Tower
39:21 Scout Tower
39:25 Scout Tower
40:11 Guard Tower
40:58 Scout Tower
41:05 Scout Tower
41:16 Scout Tower
41:20 Scout Tower
41:23 Scout Tower
42:43 Arcane Tower
42:45 Guard Tower
43:22 Arcane Tower
43:30 Arcane Tower
43:31 Arcane Tower
» items
| Lesser Clarity Potion | 5 | |
| Potion of Mana | 6 | |
| Scroll of Speed | 1 | |
| Orb of Lightning | 3 | |
| Boots of Speed | 3 | |
| Staff of Teleportation | 3 | |
| Potion of Healing | 1 | |
| Tiny Great Hall | 1 | |
| Scroll of Town Portal | 1 | |
| Staff of Sanctuary | 2 | |
26 total
Ghandi23 (
blue | 58 APM | 5253 actions | 90:43)
8 Blademaster
3 Wind Walk
3 Critical Strike
1 Bladestorm
1 Mirror Image
6 Pit Lord
3 Rain of Fire
2 Cleaving Attack
1 Doom
» actions
| Assign group hotkey | 15 | |
| Basic commands | 103 | |
| Build / train | 87 | |
| ESC pressed | 5 | |
| Enter build submenu | 46 | |
| Enter hero's abilities submenu | 14 | |
| Give item / drop item | 6 | |
| Right click | 2373 | |
| Select / deselect | 479 | |
| Select group hotkey | 1749 | |
| Use ability | 376 | |
5253 total
» units
| Peon | 14 | |
| Troll Batrider | 25 | |
| Wind Rider | 2 | |
41 total
» upgrades
| Reinforced Defenses | 1 | |
| Ranged Weapons | 3 | |
| Liquid Fire | 1 | |
| Envenomed Spears | 1 | |
6 total
» buildings
| Altar of Storms | 1 | |
| Orc Burrow | 9 | |
| War Mill | 1 | |
| Watch Tower | 32 | |
| Voodoo Lounge | 2 | |
| Stronghold | 1 | |
| Fortress | 1 | |
| Beastiary | 2 | |
49 total
» build order
00:06 Altar of Storms
00:10 Orc Burrow
00:43 War Mill
01:21 Orc Burrow
01:56 Watch Tower
02:14 Watch Tower
02:20 Voodoo Lounge
03:02 Watch Tower
03:04 Watch Tower
03:22 Watch Tower
03:56 Stronghold
03:59 Watch Tower
04:06 Watch Tower
04:15 Watch Tower
04:30 Watch Tower
05:14 Watch Tower
05:16 Watch Tower
06:02 Watch Tower
06:04 Watch Tower
06:28 Watch Tower
06:29 Watch Tower
08:24 Watch Tower
08:26 Fortress
08:31 Voodoo Lounge
08:33 Watch Tower
08:37 Watch Tower
11:30 Watch Tower
12:34 Watch Tower
12:37 Beastiary
12:38 Beastiary
12:48 Watch Tower
13:14 Watch Tower
14:45 Watch Tower
14:48 Watch Tower
14:50 Watch Tower
15:22 Orc Burrow
15:26 Orc Burrow
18:20 Watch Tower
18:21 Watch Tower
18:21 Watch Tower
18:22 Watch Tower
18:24 Watch Tower
18:25 Watch Tower
18:50 Watch Tower
31:04 Orc Burrow
31:05 Orc Burrow
31:05 Orc Burrow
31:05 Orc Burrow
32:09 Orc Burrow
» items
| Healing Salve | 3 | |
| Lesser Clarity Potion | 9 | |
| Circlet of Nobility | 3 | |
| Boots of Speed | 2 | |
| Orb of Lightning | 2 | |
| Staff of Teleportation | 2 | |
| Moonstone | 1 | |
22 total
Gobiner (
pink | 45 APM | 4069 actions | 90:43)
6 Warden
2 Shadow Strike
3 Blink
1 Spirit of Vengeance
6 Dark Ranger
3 Silence
2 Life Drain
1 Charm
» actions
| Assign group hotkey | 18 | |
| Basic commands | 77 | |
| Build / train | 126 | |
| ESC pressed | 2 | |
| Enter build submenu | 18 | |
| Enter hero's abilities submenu | 12 | |
| Give item / drop item | 5 | |
| Right click | 1493 | |
| Select / deselect | 510 | |
| Select group hotkey | 1437 | |
| Use ability | 371 | |
4069 total
» units
| Wisp | 40 | |
| Druid of the Talon | 15 | |
| Hippogryph | 15 | |
70 total
» upgrades
| Ultravision | 1 | |
| Nature's Blessing | 1 | |
| Backpack | 1 | |
| Well Spring | 1 | |
| Strength of the Wild | 3 | |
| Druid of the Talon Training | 2 | |
| Reinforced Hides | 3 | |
| Mark of the Talon | 1 | |
13 total
» buildings
| Altar of Elders | 1 | |
| Moon Well | 10 | |
| Ancient of Wonders | 1 | |
| Hunter's Hall | 1 | |
| Tree of Ages | 1 | |
| Tree of Life | 2 | |
| Tree of Eternity | 1 | |
| Ancient of Wind | 1 | |
| Orc Burrow | 1 | |
19 total
» build order
00:04 Altar of Elders
00:23 Moon Well
01:19 Moon Well
02:17 Moon Well
03:10 Moon Well
03:42 Ancient of Wonders
03:53 Hunter's Hall
05:16 Tree of Ages
05:40 Tree of Life
07:09 Moon Well
07:12 Moon Well
07:15 Moon Well
07:16 Moon Well
09:16 Tree of Life
10:21 Tree of Eternity
14:38 Ancient of Wind
18:56 Moon Well
18:57 Moon Well
90:06 Orc Burrow
» items
| Staff of Teleportation | 2 | |
| Boots of Speed | 6 | |
| Dust of Appearance | 3 | |
| Moonstone | 3 | |
| Staff of Sanctuary | 2 | |
| Orb of Venom | 1 | |
| Lesser Clarity Potion | 1 | |
| Orb of Lightning | 1 | |
| Scroll of Regeneration | 1 | |
| Tiny Great Hall | 1 | |
| Circlet of Nobility | 2 | |
| Periapt of Vitality | 1 | |
24 total
Chat log
(33:12 / All) Heaveninside: diu lei lao mo
(38:27 / All) Heaveninside: wtf you mother
(38:32 / All) Blahsmack: u mad?
(38:32 / All) Ghandi23: ahahhaha
(38:39 / All) Heaveninside: u fuck piece of shit
(38:42 / All) Blahsmack: u sound mad
(38:44 / All) Gobiner: u mad son?
(38:49 / All) Heaveninside: diu lei bitch
(39:28 / All) Heaveninside: ok u come bitch
(39:37 / All) Blahsmack: i cum
(39:39 / All) Blahsmack: blood
(39:43 / All) Heaveninside: u cum bictch
(39:48 / All) Heaveninside: i cum u bitch
(39:52 / All) Blahsmack: i cum on your fathers dick
(40:01 / All) Heaveninside: cu m on ur face
(43:11 / Allies) Ghandi23: gg
(44:53 / All) Gobiner: thanks for the free win :)
(44:57 / All) Heaveninside: u have enough money to pay for the internet Lol?
(45:04 / All) Blahsmack: net zero
(45:06 / All) Blahsmack: 99c
(45:08 / All) Blahsmack: a month
(45:17 / All) Heaveninside: lol
(46:18 / All) Ghandi23: OH NOE DUST
(47:18 / All) Gobiner: hey do we gotta tell you guys how to win or what
(48:13 / All) Gobiner: okay you got all the gold you need right?
(48:16 / All) Gobiner: what's your plan?
(48:22 / All) Heaveninside: tell me urs
(48:28 / All) Gobiner: we don't have a plan
(48:32 / All) Gobiner: we've never done this before
(50:50 / All) Gobiner: good plan, sit in a base
(51:37 / All) Ghandi23: hey bro what happend to your hero
(54:02 / All) Ghandi23: ZIMBA
(54:04 / All) Ghandi23: HIS FACE BLACK
(54:07 / All) Ghandi23: HIS EYES RED
(54:15 / All) Gobiner: you may leave
(54:17 / All) Blahsmack: SAMBO
(54:20 / All) Blahsmack: DONT KNOW
(54:23 / All) Heaveninside: u from america?
(54:31 / All) Blahsmack: hate amerikkka 2 deth
(54:39 / All) Heaveninside: ok bitch
(54:42 / All) Blahsmack: white amerikkkans should get off their stolen homeland
(55:07 / All) Blahsmack: the great white way is opression
(55:49 / All) Blahsmack: you know what they say teal
(55:52 / All) Blahsmack: they say
(56:10 / All) Blahsmack: that everyday is KKKolumbus Day in white amerikkka
(56:16 / All) Gobiner: they say: "no skill, uninstall"
(56:27 / All) Heaveninside: just stfu
(56:31 / All) Gobiner: no thx
(56:37 / All) Heaveninside: thx ur ass
(56:47 / All) Blahsmack: thank ur ass
(56:55 / All) Blahsmack: ass ur thank
(59:48 / All) Gobiner: good plan
(60:05 / All) Blahsmack: how r u so bad
(60:08 / All) Blahsmack: at this game
(63:08 / All) Gobiner: it's very nice of you to decide not to win
(63:15 / All) Heaveninside: just come
(63:21 / All) Gobiner: no thanks
(63:27 / All) Heaveninside: ok then
(63:31 / All) Heaveninside: stfu
(63:32 / All) DBR_QIQI: r guys a girl?
(63:39 / All) Blahsmack: iam
(63:44 / All) Blahsmack: 19/f/cali
(63:46 / All) DBR_QIQI: oh ic
(64:05 / All) DBR_QIQI: iam ur father
(64:08 / All) Heaveninside: 20/m/n korean
(67:06 / All) Blahsmack: JIHAD PIG DOG WYRMS!
(67:08 / All) Blahsmack: JIHAD
(67:13 / All) Blahsmack: PIG DOG WYRMS
(69:00 / All) Heaveninside: u american are doom to death lol
(69:05 / All) Gobiner: lol
(69:10 / All) Gobiner: learn english, kid
(69:17 / All) Blahsmack: america ESTNUMERO UNO
(69:46 / All) Heaveninside: learn english?
(69:51 / All) Heaveninside: go learn korean dick
(69:53 / All) Blahsmack: iAMERICA NUMERO UNO!
(69:57 / All) Gobiner: why bother, korea sucks
(70:03 / All) Heaveninside: u ni ma cileu
(70:10 / All) Blahsmack: korea is like the mexico of china
(70:11 / All) Heaveninside: ow u nuul no eul f
(70:14 / All) Blahsmack: polluted water
(70:16 / Allies) Blahsmack: shitty food
(70:20 / All) Blahsmack: shitty food
(70:21 / All) Gobiner: I know a guy who knows korean and because of that his dick is tiny
(70:25 / All) Blahsmack: no eletricity
(70:33 / All) Heaveninside: loem en m ba rofl snk
(70:44 / All) Heaveninside: oh really
(70:50 / All) Blahsmack: ya reely
(70:53 / All) Blahsmack: join america
(70:57 / All) Blahsmack: be all that you can be
(71:09 / All) Heaveninside: i sent u a nuclear bomb
(71:20 / All) Blahsmack: nuclear bombs?
(71:24 / All) Heaveninside: check to receive
(71:33 / All) Heaveninside: coming ur way
(71:46 / All) Blahsmack: CHEAT ACTIVAITED
(71:47 / All) Heaveninside: all da way to ur house thn boom
(72:15 / All) Gobiner: see a chump
(72:27 / All) Blahsmack: onrange dead LOL
(72:58 / All) Blahsmack: ding dong ching chong
(73:13 / All) Blahsmack: life in the orient is cheap and abundant
(73:22 / All) Blahsmack: LOL
(73:49 / All) Blahsmack: AMERICA BABY
(73:53 / All) Blahsmack: NUMBER 1
(73:56 / All) Blahsmack: IN EVERYTHING
(76:20 / All) Blahsmack: JIHAD
(77:13 / All) Blahsmack: INVISBLE BATS
(77:18 / All) Blahsmack: GO UN SEEN
(84:14 / All) Heaveninside: HAVE FUN A NI MA LE GE BI DE LOL
(84:54 / All) Gobiner: please build more units
(85:02 / All) Gobiner: I need something to charm when I get it
(85:22 / All) Heaveninside: whatever u want bitch
(87:54 / All) Heaveninside: LOL DON'T HAVE ENOUGH MONEY TO PAY FOR THE BILL?
(88:03 / All) Gobiner: thanks for the free win :)
(88:09 / All) Gobiner: come back when you got skills :)
(88:14 / All) Heaveninside: IN A HURRY TO GO HOME OTHERWISE GOT WARP ASS?
(88:26 / All) Blahsmack: warp ass nine
(88:27 / All) Heaveninside: LOL U DICK THINK IS A FREE WIN?
(88:28 / All) Blahsmack: ENEGAGE
(88:29 / All) Gobiner: es
(88:34 / All) Gobiner: thanks for choosing to lose
(88:48 / All) Heaveninside: LOL I JUST FINISH WATCH SOME1 RAPING UR MOM LOL
(88:59 / All) Blahsmack: i just had hot passionate sex with your father
(89:04 / All) Heaveninside: U GUYS SPENT 2 HOURS AND CALLED THIS A FREE WIN?
(89:07 / All) Gobiner: yes
(89:16 / All) Heaveninside: OH COME ON U FROM CALI?
(89:35 / All) Blahsmack: WE RIDE WITH WEST SIDE TILL THE DAY I DIE
(89:50 / All) Blahsmack: LIL KIM AND BIGGIE IS SUM PUNK ASS BITCHES
(89:53 / All) Heaveninside: ok ur dying day will soon come
(89:56 / All) Blahsmack: CALL THE COPS WHEN YOU SEE TUPAC
(90:01 / All) Heaveninside: i promise u don't worry
(90:03 / All) Blahsmack: GRAB YO GLOCKS WHEN YOU SEE TUPAC